 Dungeon Crawl Stone Soup version 0.31-a0-358-gac0dbeb3ab (webtiles) character file.

Game seed: 9887898446812198225

378 hashsling the Poker (level 6, -2/51 HPs)
             Began as a Merfolk Gladiator on July 25, 2023.
             Was a Believer of Okawaru.
             Splashed by a jelly's acid (4 damage)
             ... on level 4 of the Dungeon.
             The game lasted 00:07:17 (3185 turns).

hashsling the Poker (Merfolk Gladiator)             Turns: 3185, Time: 00:07:18

Health: -2/51      AC: -3    Str: 15    XL:     6   Next: 74%
Magic:  6/6        EV:  9    Int:  9    God:    Okawaru [**....]
Gold:   117        SH: 12    Dex: 15    Spells: 5/5 levels left

rFire   . . .        a - +0 trident
rCold   . . .        q - +0 tower shield
rNeg    . . .        r - +0 robe
rPois   .            c - +0 helmet
rElec   .            (no cloak)
rCorr   .            l - +0 pair of gloves
SInv    .            i - +0 pair of boots
Will    .....        (no amulet)
Stlth   +            (no ring)
HPRegen 0.28/turn    (no ring)
MPRegen 0.10/turn

%: no passive effects
@: corroded
A: (nimble swimmer 2), mertail
a: Renounce Religion, Heroism


You were on level 4 of the Dungeon.
You worshipped Okawaru.
Okawaru was pleased with you.
You visited 1 branch of the dungeon, and saw 4 of its levels.

You collected 117 gold pieces.

Inventory:

Hand Weapons
 a - a +0 trident (weapon)
Missiles
 e - a javelin
 h - 5 poisoned darts
Armour
 b - a +0 leather armour
 c - a +0 helmet (worn)
 i - a +0 pair of boots (worn)
 l - a +0 pair of gloves (worn)
 p - a +0 ring mail
 q - a +0 tower shield (worn)
 r - a +0 robe (worn)
Scrolls
 f - 8 scrolls of identify {unknown}
 g - a scroll of amnesia {unknown}
 m - 2 scrolls of teleportation {unknown}
 s - a scroll of enchant armour {unknown}
 t - a scroll of vulnerability {unknown}
Potions
 j - a potion of magic {unknown}
 k - 3 potions of curing {unknown}
 n - a potion of resistance {unknown}
 o - a potion of attraction {unknown}
 u - a potion of haste {unknown}


   Skills:
 * Level 5.2 Fighting
 * Level 7.1 Polearms
 - Level 2.0 Throwing
 + Level 4.6 Dodging
 - Level 1.0 Shields


You had 5 spell levels left.
You didn't know any spells.
Your spell library contained the following spells:

 Spells                   Type           Power      Damage    Failure   Level
 Gell's Gravitas          Tloc           0%         N/A       100%        3
 Teleport Other           Tloc           0%         N/A       100%        3
 Dispersal                Tloc           0%         N/A       100%        6


Dungeon Overview and Level Annotations

Branches:
Dungeon (4/15)
 Temple: D:4-7

Altars:
Okawaru


Innate Abilities, Weirdness & Mutations

((You are very nimble when in or above water. (Stealth+, EV+, Speed+++)))
Your lower body shifts to a powerful aquatic tail in water.


Message History

The jelly struggles against the net.
Reach: a) +0 trident
Press: ? - help, Dir - move target, f/p - jelly
Aim: a jelly (moderately wounded, entangled in a net, about 2% to evade your +0 trident)
You reach to attack!
You puncture the jelly!
The jelly is almost dead.
The jelly struggles against the net.
Reach: a) +0 trident
Press: ? - help, Dir - move target, f/p - jelly
Aim: a jelly (almost dead, entangled in a net, about 2% to evade your +0 trident)
You reach to attack!
You hit the jelly but do no damage.
The jelly is almost dead.
The jelly struggles against the net. x2
The net rips apart, and the jelly comes free!
Reach: a) +0 trident
Press: ? - help, Dir - move target, f/p - jelly
Aim: a jelly (almost dead, about 10% to evade your +0 trident)
You reach to attack!
You hit the jelly but do no damage.
The jelly is almost dead.
Reach: a) +0 trident
Press: ? - help, Dir - move target, f/p - jelly
Aim: a jelly (almost dead, about 10% to evade your +0 trident)
You hit the jelly but do no damage.
Your hands burn!
* * * LOW HITPOINT WARNING * * *
The jelly is almost dead.
The jelly hits you.
* * * LOW HITPOINT WARNING * * *
You are splashed with acid!
* * * LOW HITPOINT WARNING * * *
Reach: a) +0 trident
Press: ? - help, Dir - move target, f/p - jelly
Aim: a jelly (almost dead, about 10% to evade your +0 trident)
You completely miss the jelly.
The jelly is almost dead.
The jelly barely misses you. The jelly closely misses you.
Reach: a) +0 trident
Press: ? - help, Dir - move target, f/p - jelly
Aim: a jelly (almost dead, about 10% to evade your +0 trident)
You hit the jelly but do no damage. The acid corrodes you!
Your hands burn!
You die...

. #. .. .# .# #
.#####.
#####.###.......
.......J@.#
########..# #..#
#..# #..# #..#
#†.# #.##
##############.#


You could see a jelly.

Vanquished Creatures
  A black bear (D:4)
  A scorpion (D:3)
  Jessica (D:3)
  Terence (D:2)
  An iguana (D:3)
  Robin (D:3)
  An adder (D:3)
  3 dart slugs
  5 orcs (D:3)
  4 endoplasms (D:1)
  A giant cockroach (D:1)
  13 hobgoblins
  14 jackals
  3 kobolds
  3 quokkas
  8 ball pythons
  6 bats
  4 frilled lizards
  15 goblins
  8 rats
94 creatures vanquished.

Vanquished Creatures (others)
  An orc wizard (D:3)
1 creature vanquished.

Grand Total: 95 creatures vanquished

Notes
Turn   | Place    | Note
-------+----------+-------------------------------------------
     0 | D:1      | hashsling the Merfolk Gladiator began the quest for the
                  | Orb.
     0 | D:1      | Reached XP level 1. HP: 16/16 MP: 1/1
    87 | D:1      | Reached XP level 2. HP: 13/23 MP: 2/2
   272 | D:1      | Reached XP level 3. HP: 28/29 MP: 3/3
   385 | D:1      | Found a faded altar of an unknown god.
   387 | D:1      | Prayed at the altar of an unknown god.
   387 | D:1      | Became a worshipper of Warmaster Okawaru
   387 | D:1      | Reached * piety under Okawaru
   692 | D:1      | Reached skill level 5 in Polearms
  1258 | D:2      | Noticed Terence
  1266 | D:2      | Killed Terence
  1267 | D:2      | Reached XP level 4. HP: 33/37 MP: 4/4
  1874 | D:3      | Noticed Jessica
  1879 | D:3      | Killed Jessica
  1880 | D:3      | Reached XP level 5. HP: 39/42 MP: 5/5
  2117 | D:3      | Reached skill level 6 in Polearms
  2124 | D:3      | Noticed Robin
  2129 | D:3      | Killed Robin
  2394 | D:3      | Reached skill level 1 in Shields
  2540 | D:3      | Reached ** piety under Okawaru
  2541 | D:3      | Reached XP level 6. HP: 34/50 MP: 6/6
  3060 | D:4      | Noticed a black bear
  3070 | D:4      | Killed a black bear
  3071 | D:4      | Reached skill level 5 in Fighting
  3071 | D:4      | Reached skill level 7 in Polearms
  3183 | D:4      | HP: 1/51 [acid (7)]
  3185 | D:4      | Splashed by a jelly's acid

Illustrated notes

Levels and vault maps discovered:
D:1:      dpeg_arrival_more_subterranean_lakeside_camping, layout_basic,
          chequers_ecumenical_altar_twisty, due_unseen_surprise
D:2:      layout_basic, kennysheep_flooded_box, nicolae_kite_square_tiling_tiny,
          minmay_misc_feat_encased, minmay_randomly_rotated_circles,
          uniq_terence
D:3:      minmay_general_purpose_star, layout_basic, uniq_jessica, uniq_robin
D:4:      layout_loops_ring, nicolae_half_adder, uniq_pikel

Skill      XL: |  1  2  3  4  5  6 |
---------------+-------------------+-----
Fighting       | 3 4 5 |  5.2
Polearms       | 5 6 7 |  7.1
Shields        | 1 |  1.0
Throwing       | |  2.0
Dodging        | |  4.6

Action                     |  1- 3 |  4- 6 || total
---------------------------+-------+-------++-------
  Melee: Trident           |   127 |   183 ||   310
  Throw: Dart              |     3 |     4 ||     7
         Throwing net      |       |     5 ||     5
   Stab: Sleeping          |     1 |     2 ||     3
         Held in net/web   |       |     1 ||     1
 Armour: Leather armour    |    31 |    16 ||    47
         Robe              |       |    38 ||    38
  Dodge: Dodged            |    82 |    60 ||   142
  Block: Tower shield      |       |    90 ||    90

Table legend: (Time is in decaauts)
 A = Elapsed time spent in this place.
 B = Non-inter-level travel time spent in this place.
 C = Inter-level travel time spent in this place.
 D = Time resting spent in this place.
 E = Time spent auto-exploring this place.
 F = Levels seen in this place.
 G = Mean time per level.
                   A        B        C        D        E       F      G
               +--------+--------+--------+--------+--------+-----+--------+
         Total |   3260 |   3197 |     63 |      0 |   2558 |   4 |  815.0 |
       Dungeon |   3260 |   3197 |     63 |      0 |   2558 |   4 |  815.0 |
               +--------+--------+--------+--------+--------+-----+--------+

Top non-repeatable levels by time:
     D:3: 1285 daAuts
     D:1: 1104 daAuts
     D:2: 731 daAuts
     D:4: 139 daAuts
